 Dungeon Crawl Stone Soup version 0.20.1-1-g8b1a95d (webtiles) character file.

165761 Peloso the Fencer (level 17, -12/149 HPs)
             Began as a Demonspawn Fighter on Aug 19, 2017.
             Was an Initiate of Okawaru (penitent).
             Mangled by a deep elf blademaster
             ... wielding a +0 short sword
             ... created by the fury of Okawaru
              (15 damage)
             ... on level 2 of the Abyss.
             The game lasted 02:31:25 (44299 turns).

Peloso the Fencer (Demonspawn Fighter)             Turns: 44299, Time: 02:31:26

Health: -12/149    AC: 30    Str: 29    XL:     17   Next: 28%
Magic:  28/28      EV: 10    Int: 16    God:    Okawaru [*]
Gold:   650        SH: 22    Dex: 16    Spells: 16/16 levels left

rFire    . . .     SeeInvis +   J - +4 double sword (slice)
rCold    + + .     Gourm    .   a - +0 large shield {AC+3}
rNeg     + . .     Faith    +   c - +0 shadow dragon scales "Docra" {MP+9 Str+2 Int+4 Stlth++++}
rPois    .         Spirit   .   (helmet unavailable)
rElec    .         Reflect  .   A - +0 cloak "Ceir" {Int+2 Dex+2}
rCorr    .         Harm     .   P - +2 pair of gloves of Okawaru's Reproof {rN+}
MR       +....                  k - +2 pair of boots {run}
Stlth    ++++......             t - amulet of faith
Regen    0.4/turn               b - +5 ring of strength
MPRegen  0.3/turn               H - ring of protection from cold

@: about to teleport, drained, quick
A: antennae 3, yellow scales 2, cold resistance 1, demonic guardian 2, robust 1
a: Renounce Religion


You were on level 2 of the Abyss.
You worshipped Okawaru.
Okawaru was demanding penance.
You were not hungry.

You visited 8 branches of the dungeon, and saw 29 of its levels.
You visited the Abyss 1 time.

You collected 2503 gold pieces.
You spent 1853 gold pieces at shops.

Inventory:

Hand Weapons
 j - a +2 double sword of protection
 z - a +1 long sword of electrocution
 I - a +1 whip of flaming
 J - a +4 double sword of slicing (weapon)
 K - the +5 falchion of Some {slice, rC+}
   (Okawaru gifted it to you on level 5 of the Lair of Beasts)

   It inflicts extra damage upon your enemies.
   It protects you from cold.
Armour
 a - a +0 large shield of protection (worn)
 c - the +0 shadow dragon scales "Docra" (worn) {MP+9 Str+2 Int+4 Stlth++++}
   (You bought it in a shop on level 2 of the Orcish Mines)

   It affects your strength (+2).
   It affects your intelligence (+4).
   It affects your magic capacity (+9).
   It makes you much more stealthy.
 h - a +2 shield
 k - a +2 pair of boots of running (worn)
 m - +0 fire dragon scales
 p - a +0 hat of see invisible
 v - the +2 pair of gloves of Halia {Int+5 Dex-5}
   (Okawaru gifted it to you on level 1 of the Depths)

   It affects your intelligence (+5).
   It affects your dexterity (-5).
 A - the +0 cloak "Ceir" (worn) {Int+2 Dex+2}
   (Okawaru gifted it to you on level 3 of the Lair of Beasts)

   It affects your intelligence (+2).
   It affects your dexterity (+2).
 D - the +1 pair of gloves of Wisdom {rCorr SInv}
   (Okawaru gifted it to you on level 1 of the Elven Halls)

   It lets you see invisible.
   It protects you from acid and corrosion.
 P - the +2 pair of gloves of Okawaru's Reproof (worn) {rN+}
   (Okawaru gifted it to you on level 13 of the Dungeon)

   It protects you from negative energy.
 Y - a +1 plate armour of fire resistance
Jewellery
 b - a +5 ring of strength (left hand)
 t - an amulet of faith (around neck)
 H - a ring of protection from cold (right hand)
 M - an uncursed ring of flight
Wands
 n - a wand of confusion (14/48)
 u - a wand of digging (2/24)
 O - a wand of random effects (24/48)
Scrolls
 g - 7 scrolls of magic mapping
 l - 7 scrolls of remove curse
 s - 2 scrolls of fear
 w - a scroll of identify
 y - a scroll of blinking
 E - a scroll of enchant armour
 G - 2 scrolls of fog
 Q - a scroll of summoning {unknown}
 S - a scroll of recharging
 T - a scroll of teleportation
Potions
 d - a potion of might
 i - a potion of agility
 r - 6 potions of invisibility
 x - 2 potions of berserk rage
 B - 2 potions of flight
 F - a potion of ambrosia
 U - 8 potions of haste
Books
 N - the Reference Book on Arcane Weapons and Summoning
   (You found it on level 1 of the Elven Halls)

   Spells                             Type                      Level
   a - Throw Icicle                   Conjuration/Ice              4
   b - Bolt of Magma                  Conjuration/Fire/Earth       5
   c - Malign Gateway                 Summoning/Translocation      7
Miscellaneous
 L - a crystal ball of energy
Comestibles
 f - 9 bread rations
 o - 13 meat rations
 q - 17 royal jellies


   Skills:
 + Level 13.1(13.0) Fighting
 + Level 16.1(16.0) Long Blades
 + Level 2.1(2.0) Maces & Flails
 + Level 12.5(12.3) Armour
 + Level 5.5(5.4) Dodging
 + Level 5.2(5.1) Stealth
 + Level 15.0(14.9) Shields
 + Level 3.6(3.5) Invocations
 + Level 1.7(1.6) Evocations


You had 16 spell levels left.
You didn't know any spells.

Dungeon Overview and Level Annotations

Branches:
Dungeon (15/15)            Temple (1/1) D:4            Lair (6/6) D:8
 Shoals (1/4) Lair:4        Snake (1/4) Lair:2        Slime (0/5) Lair:5
    Orc (2/2) D:10            Elf (2/3) Orc:2        Vaults (0/5) D:14
 Depths (1/5) D:15

Altars:
Ashenzari
Cheibriados
Elyvilon
Fedhas
Hepliaklqana
Kikubaaqudgha
Makhleb
Nemelex Xobeh
Okawaru
Ru
Sif Muna
Vehumet
Xom
Yredelemnul
Zin
The Shining One
Beogh

Shops:
D:4 *   Orc:1 *   Orc:2 }*}!=

Portals:
Hell: Lair:6 Depths:1
Abyss: Depths:1
Trove: D:14 (give 7 scrolls of blinking)

Annotations:
D:14 exclusion: obsidian statue
Elf:2 veyX's ghost, adept SpAs


Innate Abilities, Weirdness & Mutations

You have a pair of large antennae on your head. (SInv)
You are mostly covered in yellow scales. (AC +3)
Your flesh is cold resistant. (rC+)
A demonic guardian rushes to your aid.
You are robust. (+10% HP)


Message History

You riposte.
Your shield prevents you from hitting the tentacled starspawn.
The tentacled starspawn engulfs you but does no damage.
You miss the deep elf blademaster.
The deep elf blademaster is heavily wounded.
Your sixfirhy barely misses the centaur.
Your sixfirhy closely misses the centaur.
You block the deep elf blademaster's attack. x2
Something hits your sixfirhy!
Your sixfirhy dies!
You hear a shout!
You hit the deep elf blademaster.
The deep elf blademaster is heavily wounded.
You block the deep elf blademaster's attack. x2
You block the centaur warrior's attack.
You block the tentacled starspawn's attack.
The tentacled starspawn engulfs you but does no damage.
The deep elf blademaster hits you but does no damage.
The deep elf blademaster hits you with a short sword!
You die...

..## ... ##...###... ##
...#.....#.....#.....#.
.......................
............. .......
........§ .... ... ..
#.....#c..{ #.....#. .
##.c.###..3###... ##
....#..Cec#{..c.#.. ..#
# #(.@#....# .#.# #.#
#...##Xccc.# .... . #
#.#│# ###.####...... ..
.# # .. .#.. .# ## #.
#.#.. ....#. ( . .#..#
.... . .## # . # .. ##
. .


You could see a deep elf blademaster, a frost giant, a tentacled starspawn, 2
centaur warriors and 3 centaurs.

Vanquished Creatures
  A lich (Depths:1)
  Asterion (Depths:1)
  A titan (Elf:2)
  A deep elf blademaster (Elf:2)
  Gastronok (D:11)
  An ancient champion (Depths:1)
  Agnes (Depths:1)
  A deep elf sorcerer (Elf:1)
  A draconian knight (Depths:1)
  2 frost giants (Depths:1)
  Aizul (Lair:2)
  An orc warlord (Orc:2)
  3 stone giants
  2 spriggan defenders (Depths:1)
  The ghost of Sanvar the Gelid, a journeyman HuIE of Ru (Lair:5)
  3 ettins (Depths:1)
  A fire dragon (Depths:1)
  A yaktaur captain (D:15)
  An ice dragon (Depths:1)
  4 vault guards
  Harold (Lair:1)
  A rakshasa (Depths:1)
  4 hydras
  A death knight (D:13)
  7 centaur warriors
  A catoblepas (D:13)
  5 two-headed ogres
  14 dancing weapons
  A vampire mage (Abyss:2)
  A death yak (Lair:6)
  2 deep troll earth magi (Depths:1)
  7 orc high priests
  A shock serpent (Lair:2)
  The ghost of carl the Spear-Bearer, a journeyman VSGl of Gozag (D:8)
  4 deep elf knights
  5 skeletal warriors (D:13)
  A sixfirhy (Lair:6)
  2 sea snakes (Shoals:1)
  6 unseen horrors
  3 wizards
  A naga ritualist (Snake:1)
  4 deep trolls (Depths:1)
  2 orc knights (Orc:2)
  Pikel (D:7)
  A harpy (Shoals:1)
  6 deep elf archers
  A mana viper (Lair:2)
  3 manticores
  41 deep elf magi
  3 cyclopes
  9 elephants
  7 ugly things
  A salamander (Lair:2)
  A shock serpent zombie (Abyss:2)
  Joseph (D:10)
  A merfolk siren (Lair:4)
  A smoke demon (Lair:6)
  5 black mambas
  9 spiny frogs
  An orange demon (Lair:6)
  3 rime drakes
  A gargoyle (D:11)
  2 ice devils (Lair:6)
  3 freezing wraiths (D:13)
  A redback zombie (D:13)
  8 komodo dragons
  A tengu conjurer (D:13)
  10 trolls
  A hornet (D:13)
  A meliai (shapeshifter) (D:15)
  16 slime creatures
  A raiju (Abyss:2)
  9 dream sheep (Lair:4)
  12 blink frogs
  11 hippogriffs
  A centaur simulacrum (D:13)
  A shadow (D:11)
  3 air elementals (Elf:1)
  28 yaks
  2 water elementals
  2 vampires
  2 fire elementals (Elf:1)
  12 vampire mosquitoes
  A steam dragon (Lair:2)
  2 hungry ghosts
  2 nagas (Lair:2)
  9 wargs
  An acid dragon (D:13)
  2 soldier ants (D:11)
  A large abomination (Abyss:2)
  5 hell hounds (Lair:6)
  7 porcupines
  12 water moccasins
  26 orc warriors
  5 sky beasts
  4 black bears
  A hornet zombie (D:13)
  2 eyes of draining
  4 ice beasts
  2 phantoms
  10 ogres
  7 wolves
  10 centaurs
  13 crocodiles
  Blork the orc (D:6)
  4 big kobolds
  2 gnoll sergeants
  22 bullfrogs
  2 earth elementals (Elf:2)
  7 scorpions
  2 wyvern skeletons
  23 wights
  17 killer bees
  4 howler monkeys
  An electric eel (Lair:1)
  13 crimson imps
  A bullfrog zombie (D:13)
  3 quasits
  6 hounds
  A centaur zombie (D:12)
  33 orc priests
  13 jellies
  3 centaur skeletons
  6 iguanas
  23 orc wizards
  Natasha (D:3)
  15 worker ants
  3 worker ant zombies
  12 adders
  12 gnolls
  4 shadow imps
  2 white imps (D:12)
  6 oozes
  An adder skeleton (D:8)
  2 adder zombies
  2 worms
  4 dart slugs
  8 leopard geckos
  93 orcs
  5 giant cockroaches
  6 goblins
  8 hobgoblins
  7 jackals
  22 kobolds
  10 quokkas
  4 ball pythons
  5 bats
  7 frilled lizards
  A leopard gecko skeleton (D:4)
  A quokka zombie (D:7)
  8 rats
  A plant (Lair:1)
890 creatures vanquished.

Vanquished Creatures (collateral kills)
  Saint Roka (Orc:2)
  The ghost of volde25 the Warrior, an adept MiFi of Trog (Depths:1)
  A tengu reaver (Depths:1)
  A fire giant (Depths:1)
  A stone giant (Depths:1)
  A hydra (Lair:6)
  A vault guard (D:14)
  A centaur warrior (Depths:1)
  5 death yaks (Lair:6)
  3 dancing weapons (Elf:2)
  An orc high priest (Orc:2)
  3 deep elf knights (Elf:2)
  A glowing orange brain (Depths:1)
  3 harpies (Shoals:1)
  6 deep elf magi
  An orc sorcerer (Orc:1)
  A mana viper (Snake:1)
  3 deep elf archers
  4 ugly things
  2 elephants (Lair:5)
  A merfolk siren (Shoals:1)
  A naga mage (Snake:1)
  A gargoyle (D:15)
  An orange demon (Lair:6)
  A kobold demonologist (D:15)
  2 rime drakes
  A komodo dragon (Lair:6)
  A redback zombie (D:15)
  A red devil (Lair:6)
  6 slime creatures
  A dream sheep (Lair:4)
  8 blink frogs
  3 hippogriffs
  2 wyverns (Lair:6)
  12 yaks
  A basilisk (Lair:6)
  A vampire mosquito (D:14)
  Edmund (D:6)
  A warg (Orc:2)
  2 orc warriors
  A sky beast (D:15)
  4 ogres
  A wolf (Lair:3)
  5 centaurs
  A crocodile (Lair:1)
  2 big kobolds (D:15)
  2 bullfrogs (Lair:3)
  A scorpion (D:6)
  A wight (D:9)
  2 hounds
  6 orc priests
  2 orc wizards
  Natasha (twice) (D:3)
  A worker ant zombie (D:6)
  3 gnolls
  14 orcs
  3 kobolds (D:15)
  A jackal skeleton (D:8)
  3 fungi (Lair:5)
  A plant (Lair:5)
145 creatures vanquished.

Vanquished Creatures (others)
  A vampire (D:14)
  3 fungi (Lair:6)
  3 plants
  3 starspawn tentacles (Abyss:2)
10 creatures vanquished.

Grand Total: 1045 creatures vanquished

Notes
Turn   | Place    | Note
-------+----------+-------------------------------------------
     0 | D:1      | Peloso the Demonspawn Fighter began the quest for the Orb.
     0 | D:1      | Reached XP level 1. HP: 18/18 MP: 1/1
   104 | D:1      | Gained mutation: A weak demonic guardian rushes to your aid. [demonic ancestry]
   104 | D:1      | Reached XP level 2. HP: 8/24 MP: 2/2
   417 | D:1      | Reached skill level 2 in Long Blades
   643 | D:1      | Reached XP level 3. HP: 11/29 MP: 3/3
  1771 | D:3      | Reached XP level 4. HP: 30/35 MP: 4/4
  2172 | D:3      | Noticed Natasha
  2187 | D:3      | Killed Natasha
  2440 | D:3      | Noticed Natasha
  2447 | D:3      | Killed Natasha
  2472 | D:3      | Noticed Natasha
  2482 | D:3      | Killed Natasha
  2482 | D:3      | Reached skill level 1 in Dodging
  2482 | D:3      | Gained mutation: Your flesh is cold resistant. (rC+) [demonic ancestry]
  2482 | D:3      | Reached XP level 5. HP: 20/41 MP: 3/5
  2654 | D:4      | Reached skill level 3 in Long Blades
  3225 | D:4      | Found a staircase to the Ecumenical Temple.
  3233 | Temple   | Entered the Ecumenical Temple
  3256 | Temple   | Became a worshipper of Warmaster Okawaru
  3292 | D:4      | Gained mutation: You have a pair of small antennae on your head. [demonic ancestry]
  3292 | D:4      | Reached XP level 6. HP: 46/47 MP: 6/6
  3739 | D:4      | Reached skill level 4 in Long Blades
  3825 | D:4      | Reached * piety under Okawaru
  4022 | D:4      | Found Cahim's Assorted Antiques.
  4107 | D:4      | Gained mutation: You are partially covered in yellow scales. (AC +2) [demonic ancestry]
  4107 | D:4      | Reached XP level 7. HP: 31/54 MP: 3/7
  4434 | D:5      | Entered Level 5 of the Dungeon
  4531 | D:5      | HP: 2/55 [ogre/giant club (10)]
  4829 | D:5      | Reached skill level 5 in Long Blades
  4888 | D:5      | Found a burning altar of Makhleb.
  4947 | D:5      | Reached ** piety under Okawaru
  5231 | D:6      | Noticed Edmund
  5276 | D:6      | Killed Edmund
  5276 | D:6      | Gained mutation: You are mostly covered in yellow scales. (AC +3) [demonic ancestry]
  5276 | D:6      | Reached XP level 8. HP: 19/61 MP: 2/8
  5495 | D:6      | Reached skill level 5 in Armour
  5500 | D:6      | Reached skill level 1 in Stealth
  5625 | D:6      | Reached skill level 6 in Long Blades
  5649 | D:6      | Reached *** piety under Okawaru
  5656 | D:6      | Reached skill level 5 in Fighting
  5813 | D:6      | You fall through a shaft for 2 floors!
  5836 | D:7      | Reached skill level 5 in Shields
  5865 | D:7      | Noticed Pikel
  5888 | D:7      | Killed Pikel
  5888 | D:7      | Reached **** piety under Okawaru
  5888 | D:7      | Reached XP level 9. HP: 59/68 MP: 6/9
  6113 | D:7      | Reached skill level 7 in Long Blades
  6697 | D:6      | Reached skill level 1 in Invocations
  6797 | D:6      | Noticed Blork the orc
  6805 | D:6      | Killed Blork the orc
  7680 | D:8      | Noticed carl's ghost (journeyman VSGl)
  7700 | D:8      | Killed carl's ghost
  7700 | D:8      | Reached ***** piety under Okawaru
  7700 | D:8      | Reached skill level 8 in Long Blades
  7810 | D:8      | Received a gift from Okawaru
  7810 | D:8      | Gained mutation: You have a pair of antennae on your head. [demonic ancestry]
  7810 | D:8      | Reached XP level 10. HP: 75/76 MP: 10/10
  7815 | D:8      | Got a jewelled battleaxe {god gift}
  7820 | D:8      | Noticed a two-headed ogre
  7835 | D:8      | Killed a two-headed ogre
  7950 | D:8      | Found a staircase to the Lair.
  7980 | D:8      | Identified the +6 battleaxe "Mel Onou" {pain, MR+ Int+2 Dex+2} (Okawaru gifted it to you on level 8 of the Dungeon)
  9568 | D:10     | Entered Level 10 of the Dungeon
 10361 | D:9      | Received a gift from Okawaru
 10383 | D:9      | Identified a +2 pair of boots of running (Okawaru gifted it to you on level 9 of the Dungeon)
 10528 | D:10     | Noticed Joseph
 10557 | D:10     | Killed Joseph
 10557 | D:10     | Reached skill level 9 in Long Blades
 10754 | D:10     | Reached XP level 11. HP: 78/84 MP: 10/12
 10853 | D:10     | Found a staircase to the Orcish Mines.
 11889 | D:11     | Noticed Gastronok
 12315 | D:11     | Killed Gastronok
 12543 | D:11     | Noticed a two-headed ogre
 12556 | D:11     | Killed a two-headed ogre
 12556 | D:11     | Reached skill level 10 in Long Blades
 13471 | Lair:1   | Entered Level 1 of the Lair of Beasts
 13934 | Lair:1   | Noticed Harold
 13947 | Lair:1   | Killed Harold
 15108 | Lair:1   | Received a gift from Okawaru
 15157 | Lair:1   | Noticed a four-headed hydra
 15168 | Lair:1   | Killed a four-headed hydra
 15168 | Lair:1   | Reached XP level 12. HP: 76/93 MP: 9/13
 15476 | D:4      | Reached skill level 1 in Evocations
 15676 | Lair:2   | Found a staircase to the Snake Pit.
 16136 | Lair:2   | Reached skill level 11 in Long Blades
 16891 | Lair:3   | Reached ****** piety under Okawaru
 16891 | Lair:3   | Reached skill level 10 in Shields
 16944 | Lair:3   | Received a gift from Okawaru
 16966 | Lair:3   | Got a dazzling cloak {god gift}
 16977 | Lair:3   | Identified the +0 cloak "Ceir" {Int+2 Dex+2} (Okawaru gifted it to you on level 3 of the Lair of Beasts)
 18210 | Lair:4   | Found a staircase to the Shoals.
 18955 | Lair:5   | Found a staircase to the Slime Pits.
 18967 | Lair:5   | Received a gift from Okawaru
 18967 | Lair:5   | Gained mutation: A demonic guardian rushes to your aid. [demonic ancestry]
 18967 | Lair:5   | Reached XP level 13. HP: 100/101 MP: 14/14
 19432 | Lair:5   | Noticed Sanvar's ghost (journeyman HuIE)
 19479 | Lair:5   | Killed Sanvar's ghost
 19479 | Lair:5   | Received a gift from Okawaru
 19798 | Lair:5   | Received a gift from Okawaru
 19807 | Lair:5   | Got a pitted falchion {god gift}
 19808 | Lair:5   | Identified the +5 falchion of Some {slice, rC+} (Okawaru gifted it to you on level 5 of the Lair of Beasts)
 20208 | Lair:6   | Entered Level 6 of the Lair of Beasts
 20570 | Lair:6   | Received a gift from Okawaru
 20571 | Lair:6   | Got a translucent demon blade {god gift}
 20582 | Lair:5   | Reached skill level 12 in Long Blades
 20912 | Lair:5   | Identified the +6 demon blade "Laoth" {drain, rF+++ Str+5 Dex-4} (Okawaru gifted it to you on level 6 of the Lair of Beasts)
 20970 | Lair:6   | Reached skill level 10 in Armour
 21254 | Lair:6   | Received a gift from Okawaru
 21492 | Lair:6   | Reached skill level 1 in Maces & Flails
 21530 | Lair:6   | Found a burning altar of Makhleb.
 21549 | Lair:6   | Reached skill level 10 in Fighting
 21909 | Lair:6   | Found a gateway to Hell.
 22210 | Lair:6   | Gained mutation: You are robust. (+10% HP) [demonic ancestry]
 22210 | Lair:6   | Reached XP level 14. HP: 90/121 MP: 15/15
 22779 | D:12     | Received a gift from Okawaru
 23810 | D:13     | Reached skill level 13 in Long Blades
 24632 | D:13     | Received a gift from Okawaru
 26639 | D:13     | Received a gift from Okawaru
 26642 | D:13     | Got a pair of translucent gloves {god gift}
 26653 | D:13     | Identified the +2 pair of gloves of Okawaru's Reproof {rN+} (Okawaru gifted it to you on level 13 of the Dungeon)
 26984 | Orc:1    | Entered Level 1 of the Orcish Mines
 26997 | Orc:1    | Paralysed by an orc sorcerer for 6 turns
 27339 | Orc:1    | Found a roughly hewn altar of Beogh.
 27405 | Orc:2    | Entered Level 2 of the Orcish Mines
 27405 | Orc:2    | Noticed an orc warlord
 27764 | Orc:2    | Killed an orc warlord
 27767 | Orc:2    | Found Zufayri's Gadget Emporium.
 27802 | Orc:2    | Found a staircase to the Elven Halls.
 27959 | Orc:2    | Found Xenuov's Gadget Shoppe.
 27984 | Orc:2    | Found Huaqe's General Store.
 28370 | Orc:2    | Bought a scroll of identify for 30 gold pieces
 28371 | Orc:2    | Identified a scroll of acquirement
 28446 | Orc:2    | Found a roughly hewn altar of Beogh.
 28760 | Orc:2    | Found Cuadworchela's Distillery.
 28783 | Orc:2    | Reached XP level 15. HP: 72/129 MP: 17/17
 28971 | Orc:2    | Found Sesooruu's Jewellery Boutique.
 29058 | Orc:2    | Reached skill level 14 in Long Blades
 29068 | Orc:2    | Noticed Saint Roka
 29115 | Orc:2    | Killed Saint Roka
 29115 | Orc:2    | Received a gift from Okawaru
 30222 | Orc:1    | Found Piec's General Store.
 30230 | Orc:1    | Bought a scroll of enchant weapon for 105 gold pieces
 30250 | Orc:1    | Found a roughly hewn altar of Beogh.
 30453 | D:14     | Found a sacrificial altar of Ru.
 30702 | D:14     | Found a portal to a secret trove of treasure.
 30776 | D:14     | Received a gift from Okawaru
 31643 | D:14     | Found a gate to the Vaults.
 32201 | D:15     | Entered Level 15 of the Dungeon
 32995 | D:15     | Found a staircase to the Depths.
 33597 | D:4      | Bought a scroll of identify for 58 gold pieces
 34141 | Orc:2    | Bought the cursed +0 shadow dragon scales "Docra" {MP+9 Str+2 Int+4 Stlth++++} for 1660 gold pieces
 34409 | Depths:1 | Entered Level 1 of the Depths
 34718 | Depths:1 | Received a gift from Okawaru
 34747 | Depths:1 | Found a one-way gate to the infinite horrors of the Abyss.
 34949 | Depths:1 | Noticed a tengu reaver
 34952 | Depths:1 | Noticed a lich
 34979 | Depths:1 | Killed a tengu reaver
 34980 | Depths:1 | HP: 6/132 [acid (5)]
 34989 | Depths:1 | HP: 6/132 [poisoned by a tengu reaver (bolt of poison)]
 35371 | Depths:1 | Killed a lich
 35371 | Depths:1 | Reached skill level 15 in Long Blades
 35448 | Depths:1 | Noticed a fire giant
 35454 | Depths:1 | Killed a fire giant
 35467 | Depths:1 | Noticed volde25's ghost (adept MiFi)
 35485 | Depths:1 | Killed volde25's ghost
 35485 | Depths:1 | Received a gift from Okawaru
 35668 | Depths:1 | Noticed Asterion
 35688 | Depths:1 | Killed Asterion
 35689 | Depths:1 | Noticed Agnes
 35696 | Depths:1 | Reached XP level 16. HP: 77/139 MP: 18/18
 35702 | Depths:1 | Killed Agnes
 35703 | Depths:1 | Noticed an ancient champion
 36070 | Depths:1 | Received a gift from Okawaru
 36222 | Depths:1 | Killed an ancient champion
 37037 | Depths:1 | Reached skill level 5 in Dodging
 37103 | Depths:1 | Received a gift from Okawaru
 37106 | Depths:1 | Got a pair of faintly glowing gloves {god gift}
 37129 | Depths:1 | Identified the +2 pair of gloves of Halia {Int+5 Dex-5} (Okawaru gifted it to you on level 1 of the Depths)
 37421 | Depths:1 | Found a shattered altar of Ashenzari.
 37942 | Shoals:1 | Entered Level 1 of the Shoals
 38597 | Snake:1  | Entered Level 1 of the Snake Pit
 38599 | Snake:1  | Noticed Aizul
 38883 | Lair:2   | Killed Aizul
 40321 | Elf:1    | Entered Level 1 of the Elven Halls
 40514 | Elf:1    | Found a radiant altar of Vehumet.
 40580 | Elf:1    | Received a gift from Okawaru
 40621 | Elf:1    | Got a pair of encrusted gloves {god gift}
 40642 | Elf:1    | Identified the +1 pair of gloves of Wisdom {rCorr SInv} (Okawaru gifted it to you on level 1 of the Elven Halls)
 41113 | Elf:1    | Reached skill level 5 in Stealth
 41341 | Elf:1    | Identified the Reference Book on Arcane Weapons and Summoning
 41902 | Elf:2    | Found a runed gate.
 41902 | Elf:2    | Found a runed gate.
 41902 | Elf:2    | Found a runed gate.
 41927 | Elf:2    | Gained mutation: You have a pair of large antennae on your head. (SInv) [demonic ancestry]
 41927 | Elf:2    | Reached XP level 17. HP: 148/148 MP: 19/19
 42160 | Elf:2    | Was placed under penance by Okawaru
 42445 | Elf:2    | Noticed veyX's ghost (adept SpAs)
 42454 | Elf:2    | Reached skill level 16 in Long Blades
 42703 | Elf:2    | Noticed a deep elf blademaster
 42703 | Elf:2    | Noticed a titan
 42796 | Orc:2    | Fell from the grace of Okawaru
 43134 | Temple   | Became a worshipper of Warmaster Okawaru
 43399 | Elf:2    | Killed a titan
 43519 | Elf:2    | Killed a deep elf blademaster
 44109 | Elf:2    | Was placed under penance by Okawaru
 44122 | Elf:2    | Cast into level 2 of the Abyss (halberd of distortion)
 44136 | Abyss:2  | Found a corrupted altar of Lugonu.
 44263 | Abyss:2  | Reached skill level 15 in Shields
 44283 | Abyss:2  | Noticed a deep elf blademaster
 44297 | Abyss:2  | HP: 6/149 [frost giant/bolt of cold[the fury of Okawaru] (7)]
 44297 | Abyss:2  | HP: 2/149 [deep elf blademaster/short sword[the fury of Okawaru] (4)]
 44299 | Abyss:2  | Mangled by a deep elf blademaster

Skill      XL: |  1  2  3  4  5  6  7  8  9 10 11 12 13 14 15 16 17 |
---------------+----------------------------------------------------+-----
Armour         | 3 4 5 6 7 8 9 10 11 12 | 12.5
Shields        | 3 4 5 6 8 9 10 11 12 13 14 15 | 15.0
Long Blades    | 2 3 4 5 6 8 9 10 11 12 13 15 16 | 16.1
Dodging        | 1 2 3 4 5 |  5.5
Fighting       | 4 5 6 7 8 9 10 11 12 13 | 13.1
Stealth        | 1 2 3 4 5 |  5.2
Invocations    | 1 2 3 |  3.6
Evocations     | 1 |  1.7
Maces & Flails | 1 2 |  2.1

Action                   |  1- 3 |  4- 6 |  7- 9 | 10-12 | 13-15 | 16-18 || total
-------------------------+-------+-------+-------+-------+-------+-------++-------
Melee: Long sword        |   147 |   191 |   491 |   437 |       |       ||  1266
       Falchion          |       |       |       |   717 |   730 |       ||  1447
       Whip              |       |       |       |     7 |    45 |       ||    52
       Demon blade       |       |       |       |       |   122 |       ||   122
       Double sword      |       |       |       |       |   960 |   701 ||  1661
Invok: Heroism           |       |       |     6 |    14 |    14 |     6 ||    40
       Renounce Religion |       |       |       |       |       |     1 ||     1
Evoke: Wand              |       |       |       |    13 |       |       ||    13
  Use: Scroll            |     5 |     2 |     6 |    14 |    10 |    10 ||    47
       Potion            |       |       |     2 |     1 |     3 |     6 ||    12
 Stab: Distracted        |       |       |     5 |    12 |     6 |     6 ||    29
       Sleeping          |       |       |       |       |     2 |     9 ||    11
  Eat: Chunk             |     3 |     7 |    13 |    30 |    50 |    22 ||   125
       Fruit             |       |       |     1 |     5 |     1 |       ||     7
       Royal jelly       |       |       |       |     1 |     1 |     3 ||     5
Armor: Scale mail        |    81 |       |       |       |       |       ||    81
       Chain mail        |       |   110 |   318 |   220 |       |       ||   648
       Plate armour      |       |       |       |   235 |   773 |       ||  1008
       Shadow dragon sca |       |       |       |       |    39 |   270 ||   309
Dodge: Dodged            |    43 |    44 |   199 |   292 |   503 |   180 ||  1261
Block: Shield            |    78 |   116 |   370 |   644 |  1175 |       ||  2383
       Large shield      |       |       |       |       |    90 |   666 ||   756
       Rpst.: Long sword |    14 |    20 |    51 |    34 |       |       ||   119
       Falchion          |       |       |       |    47 |    43 |       ||    90
       Demon blade       |       |       |       |       |     7 |       ||     7
       Double sword      |       |       |       |       |    64 |    32 ||    96
